 Dungeon Crawl Stone Soup version 0.20-a0-309-gcba9277 (webtiles) character file.

8362 tboon the Cleaver (level 11, 0/99 HPs)
             Began as a Minotaur Berserker on Dec 19, 2016.
             Was a High Priest of Trog.
             Killed from afar by mynametaken's ghost (17 damage)
             ... with a bolt of negative energy
             ... on level 9 of the Dungeon.
             The game lasted 00:30:58 (8681 turns).

tboon the Cleaver (Minotaur Berserker)              Turns: 8681, Time: 00:30:58

Health: 0/99       AC: 17    Str: 22    XL:     11   Next: 8%
Magic:  10/10      EV: 12    Int:  5    God:    Trog [*****.]
Gold:   364        SH:  0    Dex: 12    Spells: 10/10 levels left

rFire  . . .     SeeInvis +     k - +5 war axe of Disaster {venom, -Tele rPois SInv}
rCold  . . .     Gourm    .     s - +0 plate armour
rNeg   . . .     Faith    .     (no shield)
rPois  +         Spirit   .     (helmet restricted)
rElec  .         Reflect  .     a - +1 cloak
rCorr  .         Harm     .     (no gloves)
MR     +++..     NoTele   +     F - +0 pair of boots
Stlth  ..........               (no amulet)
                                v - +3 ring of evasion
                                q - ring of protection from magic {MR+, !d}

@: regenerating, heavily drained
A: retaliatory headbutt, horns 2
a: Berserk, Trog's Hand, Brothers in Arms, Burn Spellbooks, Renounce Religion


You were on level 9 of the Dungeon.
You worshipped Trog.
Trog was extremely pleased with you.
You were hungry.

You visited 1 branch of the dungeon, and saw 11 of its levels.

You collected 434 gold pieces.
You spent 70 gold pieces at shops.

Inventory:

Hand Weapons
 h - the +3 great mace of Peril {crush, rC- Str+4, unknown}
   (You found it on level 8 of the Dungeon)

   It inflicts extra damage upon your enemies.
   It affects your strength (+4).
   It makes you vulnerable to cold.
 k - the +5 war axe of Disaster (weapon) {venom, -Tele rPois SInv}
   (You took it off a gnoll on level 4 of the Dungeon)

   It poisons the flesh of those it strikes.
   It protects you from poison.
   It lets you see invisible.
   It prevents most forms of teleportation.
 m - a +2 mace of protection
   (You found it on level 1 of the Dungeon)
 M - a +4 antimagic lajatang
   (Trog gifted it to you on level 11 of the Dungeon)
Armour
 a - a +1 cloak (worn)
   (You took it off Crazy Yiuf on level 7 of the Dungeon)
 s - a +0 plate armour (worn)
   (You took it off an orc warrior on level 7 of the Dungeon)
 F - a +0 pair of boots (worn)
   (You found it on level 11 of the Dungeon)
Jewellery
 e - a cursed amulet of regeneration {unknown}
   (You found it on level 8 of the Dungeon)
 q - a ring of protection from magic (left hand) {MR+, !d}
   (You found it on level 8 of the Dungeon)
 v - a +3 ring of evasion (right hand)
   (You found it on level 3 of the Dungeon)
 y - an uncursed amulet of rage {+Rage, !d}
   (You found it on level 8 of the Dungeon)
 B - an uncursed ring of flight {+Fly, !d}
   (You found it on level 6 of the Dungeon)
 E - a +3 ring of dexterity
   (You found it on level 5 of the Dungeon)
 J - a cursed ring of teleportation {unknown}
   (You found it on level 11 of the Dungeon)
 N - a cursed ring of teleportation {unknown}
   (You found it on level 9 of the Dungeon)
 Q - a cursed -2 ring of strength
   (You took it off a kobold on level 9 of the Dungeon)
Wands
 r - a wand of iceblast (8/15)
   (You found it on level 8 of the Dungeon)
 G - a wand of acid (10/15)
   (You found it on level 6 of the Dungeon)
Scrolls
 b - a scroll of enchant weapon
 f - a scroll of remove curse
 g - a scroll of magic mapping {!r}
 l - a scroll of fog {unknown}
 n - a scroll of noise {unknown}
 o - 2 scrolls of recharging {unknown}
 t - 2 scrolls of blinking {!r}
 A - a scroll of immolation {unknown}
 C - a scroll of teleportation
 L - a scroll of vulnerability {unknown}
 P - 4 scrolls of identify
Potions
 i - 3 potions of cure mutation {!q}
 j - 3 potions of curing
 p - 2 potions of cancellation
 u - 3 potions of haste
 w - a potion of might
 z - 2 potions of heal wounds
 D - a potion of resistance
 H - a potion of brilliance
 K - a potion of berserk rage {unknown}
Comestibles
 c - 6 bread rations
 d - 5 meat rations
 x - 5 beef jerkies
 I - a fruit
 O - 8 chunks of flesh


   Skills:
 + Level 10.1(8.3) Fighting
 * Level 13.0(11.1) Axes
 + Level 9.5(7.7) Armour
 + Level 8.7(7.0) Dodging


You had 10 spell levels left.
You didn't know any spells.

Dungeon Overview and Level Annotations

Branches:
Dungeon (11/15)            Temple (0/1) D:7            Lair (0/6) D:11
    Orc: D:9-12

Altars:
Cheibriados
Gozag
Okawaru
Trog
Uskayaw
Zin

Shops:
D:5 !   D:7 [

Annotations:
D:9 mynametaken's ghost, novice DrAE


Innate Abilities, Weirdness & Mutations

You reflexively headbutt those who attack you in melee.
You have a pair of horns on your head.


Message History

a giant club x2; a two-headed ogre skeleton
Things that are here:
a giant club x2; a two-headed ogre skeleton A troll comes into view.
Things that are here:
a giant club x2; a two-headed ogre skeleton You start resting.
Your plate armour prevents you from hitting the troll.
You headbutt the troll.
The troll is lightly wounded.
Your plate armour prevents you from hitting the troll.
The troll is lightly wounded.
The troll misses you. The troll claws you but does no damage.
The troll claws you.
You slash the troll!
The troll is poisoned.
You headbutt the troll, but do no damage.
The troll is heavily wounded.
The troll closely misses you. The troll completely misses you.
The troll claws you but does no damage.
You slash the troll!
The troll looks as sick as possible!
The troll is almost dead.
The troll completely misses you. The troll claws you but does no damage.
The troll claws you!
You slice the troll!!
You kill the troll!
Trog accepts your kill.
The troll leather armour is intact enough to wear.
Things that are here:
a +0 troll leather armour {regen}; a troll corpse You butcher the troll corpse.
O - 17 chunks of flesh (gained 5)
You see here a +0 troll leather armour {regen}.
You start resting.
Some of the chunks of flesh in your inventory have rotted away. x3
Mynametaken's ghost (novice Black Draconian Air Elementalist) comes into view.
Your ogre goes berserk!
You feel quite a bit more hungry.
Mynametaken's ghost turns its malevolent gaze towards you.
Mynametaken's ghost breathes negative energy at you.
The bolt of negative energy hits you!
You feel drained.
Mynametaken's ghost gestures at you while chanting.
The bolt of lightning hits your ogre. The bolt of lightning hits you!
Your ogre hits mynametaken's ghost with a giant club!
Mynametaken's ghost hits your ogre!
Your ogre hits mynametaken's ghost with a giant club!!
Mynametaken's ghost hits your ogre.
Your ogre dies!
Your ogre's corpse disappears in a puff of smoke!
Your skin crawls.
You feel resistant to hostile enchantments.
You are feeling hungry.
Mynametaken's ghost points at you and mumbles some strange words.
The bolt of lightning hits you!
Mynametaken's ghost gestures at you while chanting.
The bolt of lightning misses you.
You see here a giant club.
You closely miss mynametaken's ghost.
Mynametaken's ghost is heavily damaged.
Mynametaken's ghost casts a spell.
Mynametaken's ghost begins repelling missiles!
You slash mynametaken's ghost!
Mynametaken's ghost is severely damaged.
Mynametaken's ghost hits you but does no damage.
You hit mynametaken's ghost.
Mynametaken's ghost is severely damaged.
Mynametaken's ghost hits you but does no damage.
You closely miss mynametaken's ghost.
You headbutt mynametaken's ghost, but do no damage.
Mynametaken's ghost is severely damaged.
Mynametaken's ghost hits you but does no damage.
You closely miss mynametaken's ghost.
Mynametaken's ghost is severely damaged.
You slash mynametaken's ghost!
Mynametaken's ghost is almost destroyed.
Mynametaken's ghost closely misses you.
You hit mynametaken's ghost but do no damage.
Your headbutt misses mynametaken's ghost.
Mynametaken's ghost is almost destroyed.
Mynametaken's ghost hits you but does no damage.
You closely miss mynametaken's ghost.
Mynametaken's ghost is almost destroyed.
Mynametaken's ghost breathes negative energy at you.
The bolt of negative energy hits you!
You feel drained.
You hit mynametaken's ghost but do no damage.
Mynametaken's ghost is almost destroyed.
Mynametaken's ghost hits you but does no damage.
You hit mynametaken's ghost.
Mynametaken's ghost is almost destroyed.
Mynametaken's ghost gestures at you while chanting.
The bolt of lightning hits you!
* * * LOW HITPOINT WARNING * * *
You hit mynametaken's ghost but do no damage.
Mynametaken's ghost is almost destroyed.
Mynametaken's ghost hits you.
* * * LOW HITPOINT WARNING * * *
You miss mynametaken's ghost.
Mynametaken's ghost is almost destroyed.
Mynametaken's ghost breathes negative energy at you.
The bolt of negative energy hits you!
You feel drained.
You die...

#.##.##....# .#..####.###
..##..#....###.#..##.....##
..##...........#..#.......#..
..##...........#..#.......#..
..##...........#..)..._.....
..##...†#'.....#.[#.......#.
####....#....###..#.......#
###..#..†.# #..##.....##
#######.#...(###@)####.####..
....# #.(.....(W).())(.......
....+ ##...+####...).((##....
....#+##...........##### .
........#..#######.#
........#..........#
........##......####
.......<..'.....+
....#+####......#


You could see mynametaken's ghost.

Vanquished Creatures
  The ghost of Wesley the Black Sun, a journeyman DsFi of Kikubaaqudgha (D:11)
  A two-headed ogre (D:9)
  A kobold demonologist (D:8)
  A troll (D:9)
  6 yaks (D:11)
  A basilisk (D:11)
  3 wargs (D:11)
  2 water moccasins
  A soldier ant (D:9)
  5 orc warriors
  2 ice beasts
  2 sky beasts
  A necrophage (D:9)
  5 ogres
  3 centaurs
  A crocodile (D:8)
  12 big kobolds
  2 bullfrogs
  3 scorpions
  9 wights
  2 howler monkeys (D:4)
  3 crimson imps
  A centaur zombie (D:5)
  13 orc priests
  Crazy Yiuf (D:7)
  3 hounds
  Jessica (D:3)
  Terence (D:3)
  An iguana (D:8)
  18 orc wizards
  9 worker ants
  2 hound skeletons
  4 gnolls (D:4)
  7 adders
  A shadow imp (D:6)
  3 adder skeletons
  A worm (D:5)
  3 dart slugs
  9 leopard geckos
  38 orcs
  5 giant cockroaches
  4 goblins
  9 hobgoblins
  3 jackals (D:3)
  27 kobolds
  3 quokkas
  A ball python (D:1)
  10 bats
  4 frilled lizards
  A jackal skeleton (D:5)
  A leopard gecko zombie (D:5)
  A quokka skeleton (D:4)
  4 rats
256 creatures vanquished.

Notes
Turn   | Place    | Note
-------+----------+-------------------------------------------
     0 | D:1      | tboon the Minotaur Berserker began the quest for the Orb.
     0 | D:1      | Reached XP level 1. HP: 19/19 MP: 0/0
   193 | D:1      | Reached XP level 2. HP: 22/27 MP: 1/1
   420 | D:1      | Reached skill level 4 in Axes
   785 | D:2      | Reached skill level 4 in Fighting
   940 | D:2      | Reached XP level 3. HP: 32/33 MP: 2/2
  1215 | D:2      | Reached ** piety under Trog
  1290 | D:3      | Noticed Terence
  1300 | D:3      | Killed Terence
  1300 | D:3      | Reached skill level 3 in Armour
  1374 | D:3      | Reached XP level 4. HP: 40/40 MP: 3/3
  1375 | D:3      | Reached skill level 3 in Dodging
  1463 | D:3      | Found a faded altar of an unknown god.
  1626 | D:3      | Reached skill level 5 in Axes
  1660 | D:3      | Noticed Jessica
  1674 | D:3      | Killed Jessica
  1852 | D:4      | Reached XP level 5. HP: 39/46 MP: 4/4
  2103 | D:4      | Noticed an ogre
  2109 | D:4      | Killed an ogre
  2174 | D:4      | Reached XP level 6. HP: 53/53 MP: 5/5
  2180 | D:4      | Reached skill level 6 in Axes
  2180 | D:4      | Reached skill level 4 in Armour
  2370 | D:4      | Reached skill level 5 in Fighting
  2634 | D:4      | Reached skill level 4 in Dodging
  2639 | D:4      | HP: 12/56 [gnoll/sapphire war axe {venom} (4)]
  2644 | D:4      | Got a sapphire war axe {venom}
  2673 | D:4      | HP: 13/56 [orc wizard/puff of flame (5)]
  2675 | D:4      | Reached *** piety under Trog
  2675 | D:4      | Reached XP level 7. HP: 14/61 MP: 6/6
  2733 | D:4      | HP: 7/61 [orc priest/divine providence (12)]
  2738 | D:4      | HP: 6/61 [orc priest/club (2)]
  2742 | D:4      | Reached skill level 7 in Axes
  2757 | D:4      | Identified the +5 war axe of Disaster {venom, -Tele rPois SInv} (You took it off a gnoll on level 4 of the Dungeon)
  2997 | D:4      | Found a bloodstained altar of Trog.
  3217 | D:5      | Entered Level 5 of the Dungeon
  3262 | D:5      | Found Turopn's Distillery.
  3268 | D:5      | Bought a potion of heal wounds for 70 gold pieces
  3333 | D:5      | Reached skill level 5 in Armour
  3377 | D:5      | Reached skill level 6 in Fighting
  3638 | D:5      | Found a hide-covered altar of Uskayaw.
  4093 | D:6      | Reached XP level 8. HP: 70/70 MP: 7/7
  4165 | D:6      | Reached skill level 8 in Axes
  4181 | D:6      | Reached skill level 5 in Dodging
  4596 | D:6      | Reached skill level 9 in Axes
  4596 | D:6      | Reached skill level 6 in Armour
  4605 | D:6      | Found an opulent altar of Gozag.
  4787 | D:6      | Reached skill level 7 in Fighting
  4790 | D:6      | Reached **** piety under Trog
  5221 | D:7      | Found Uloob's Antique Armour Shoppe.
  5239 | D:7      | Found a runed door.
  5479 | D:7      | Reached skill level 6 in Dodging
  5479 | D:7      | Reached XP level 9. HP: 79/79 MP: 8/8
  5763 | D:7      | Found a staircase to the Ecumenical Temple.
  5799 | D:7      | Reached skill level 10 in Axes
  5932 | D:7      | Reached skill level 7 in Armour
  6194 | D:7      | Found a glowing silver altar of Zin.
  6420 | D:7      | Noticed Crazy Yiuf
  6424 | D:7      | Killed Crazy Yiuf
  6536 | D:8      | Found an iron altar of Okawaru.
  6564 | D:8      | Reached skill level 8 in Fighting
  7088 | D:8      | Noticed a kobold demonologist
  7091 | D:8      | Reached skill level 11 in Axes
  7092 | D:8      | Reached skill level 7 in Dodging
  7095 | D:8      | Reached ***** piety under Trog
  7098 | D:8      | Noticed a sixfirhy
  7098 | D:8      | Killed a kobold demonologist
  7098 | D:8      | Reached skill level 8 in Armour
  7191 | D:8      | Reached XP level 10. HP: 88/90 MP: 9/9
  7199 | D:8      | Got a faintly glowing great mace
  7202 | D:8      | You fall through a shaft for 3 floors!
  7283 | D:11     | Reached skill level 9 in Fighting
  7387 | D:11     | Noticed Wesley's ghost (journeyman DsFi)
  7584 | D:11     | Reached skill level 12 in Axes
  7615 | D:11     | Found a staircase to the Lair.
  7776 | D:11     | Killed Wesley's ghost
  7776 | D:11     | Reached skill level 9 in Armour
  7776 | D:11     | Reached skill level 8 in Dodging
  7992 | D:11     | Received a gift from Trog
  8025 | D:10     | Entered Level 10 of the Dungeon
  8486 | D:9      | Found a snail-covered altar of Cheibriados.
  8516 | D:9      | Noticed a two-headed ogre
  8521 | D:9      | Killed a two-headed ogre
  8521 | D:9      | Reached skill level 10 in Fighting
  8521 | D:9      | Reached skill level 13 in Axes
  8521 | D:9      | Reached XP level 11. HP: 72/99 MP: 10/10
  8663 | D:9      | Noticed mynametaken's ghost (novice DrAE)
  8679 | D:9      | HP: 21/99 [mynametaken's ghost/bolt of lightning (24)]
  8681 | D:9      | Killed from afar by mynametaken's ghost

Vault maps used:
D:1:      mrwooster_arrival_arrow
D:3:      chequers_ecumenical_altar_twisty, uniq_jessica, uniq_terence
D:4:      bloody_trog
D:5:      kennysheep_little_box, serial_shops, shop, first_bread, minivault_1,
          eino_tiny_chamber, hangedman_decor_clover_reticule,
          hangedman_decor_lopped
D:6:      grunt_gozag_breadcrumbs
D:7:      zin_treasury, serial_shops, nicolae_shop_statue_plus,
          uniq_crazy_yiuf_cottage
D:8:      kennysheep_okawaru_gauntlet, special_room
D:9:      nicolae_overflow_hidden_temple, old_standard_altar
D:10:     kennysheep_kobold_lugonu_temple, david_orc_1_choice, serial_shops,
          shop, the_bakery, minmay_guarded_unrand_flaming_death
D:11:     erik_lair_orcish_takeover, uniq_erolcha

Skill      XL: |  1  2  3  4  5  6  7  8  9 10 |
---------------+-------------------------------+-----
Axes           | 4 5 6 7 9 11 13 | 13.0
Fighting       | 4 5 6 7 8 10 | 10.1
Armour         | 3 4 5 6 8 9 |  9.5
Dodging        | 3 4 6 7 8 |  8.7

Action                   |  1- 3 |  4- 6 |  7- 9 | 10-12 || total
-------------------------+-------+-------+-------+-------++-------
Melee: Hand axe          |    75 |   115 |    13 |       ||   203
       Headbutt          |     8 |    18 |    35 |    38 ||    99
       War axe           |       |       |   230 |   169 ||   399
Invok: Berserk           |       |     1 |     6 |     1 ||     8
       Trog's Hand       |       |       |     1 |     1 ||     2
       Burn Spellbooks   |       |       |     1 |       ||     1
       Brothers in Arms  |       |       |       |     1 ||     1
  Use: Scroll            |     3 |     2 |    13 |       ||    18
       Potion            |       |     1 |     1 |       ||     2
  Eat: Chunk             |     1 |     5 |    18 |     5 ||    29
       Fruit             |       |       |     2 |       ||     2
       Pizza             |       |       |       |     1 ||     1
Armor: Animal skin       |     7 |       |       |       ||     7
       Ring mail         |    14 |       |       |       ||    14
       Leather armour    |     2 |       |       |       ||     2
       Chain mail        |     2 |    61 |    50 |       ||   113
       Plate armour      |       |       |    27 |    69 ||    96
Dodge: Dodged            |    53 |    56 |   129 |    82 ||   320

Vault maps used:
D:1:      mrwooster_arrival_arrow
D:3:      chequers_ecumenical_altar_twisty, uniq_jessica, uniq_terence
D:4:      bloody_trog
D:5:      kennysheep_little_box, serial_shops, shop, first_bread, minivault_1,
          eino_tiny_chamber, hangedman_decor_clover_reticule,
          hangedman_decor_lopped
D:6:      grunt_gozag_breadcrumbs
D:7:      zin_treasury, serial_shops, nicolae_shop_statue_plus,
          uniq_crazy_yiuf_cottage
D:8:      kennysheep_okawaru_gauntlet, special_room
D:9:      nicolae_overflow_hidden_temple, old_standard_altar
D:10:     kennysheep_kobold_lugonu_temple, david_orc_1_choice, serial_shops,
          shop, the_bakery, minmay_guarded_unrand_flaming_death
D:11:     erik_lair_orcish_takeover, uniq_erolcha

Table legend:
 A = Turns spent in this place as a percentage of turns spent in the entire game.
 B = Non-inter-level travel turns spent in this place as a percentage of non-inter-level travel turns spent in the entire game.
 C = Inter-level travel turns spent in this place as a percentage of turns spent in this place.
 D = Turns resting spent in this place as a percentage of non-inter-level travel turns spent in this place.
 E = Turns spent auto-exploring this place as a percentage of non-inter-level travel turns spent in this place.
 F = Non-inter-level travel turns spent in this place divided by the number of levels of this place that you've seen.
                   A       B       C       D       E      F
               +-------+-------+-------+-------+-------+----------------------
         Total | 100.0 | 100.0 |   0.5 |   4.1 |  11.3 | 197.8
       Dungeon | 100.0 | 100.0 |   0.5 |   4.1 |  11.3 | 197.8
               +-------+-------+-------+-------+-------+----------------------

Table legend:
 A = Kills in this place as a percentage of kills in entire the game.
 B = Kills by you in this place as a percentage of kills by you in the entire game.
 C = Kills by friends in this place as a percentage of kills by friends in the entire game.
 D = Other kills in this place as a percentage of other kills in the entire game.
 E = Experience gained in this place as a percentage of experience gained in the entire game.
 F = Experience gained in this place divided by the number of levels of this place that you have seen.
                   A       B       C       D       E      F
               +-------+-------+-------+-------+-------+----------------------
         Total | 100.0 | 100.0 |  -nan |  -nan | 100.0 | 1086.0
       Dungeon | 100.0 | 100.0 |  -nan |  -nan | 100.0 | 1086.0
               +-------+-------+-------+-------+-------+----------------------
